 Dungeon Crawl Stone Soup version 0.31.0-32-g396128a36d (webtiles) character file.

Game seed: 11578132842290540140

12035 PaiMei the Artisan of Death (level 11, -13/89 HPs)
             Began as a Demonspawn Necromancer on Apr 6, 2024.
             Was a Priest of Kikubaaqudgha.
             Mangled by an ice devil (23 damage)
             ... on level 1 of the Lair of Beasts.
             The game lasted 00:27:17 (17347 turns).

PaiMei the Artisan of Death (DsNe)                 Turns: 17347, Time: 00:27:17

Health: -13/89     AC: 11    Str:  9    XL:     11   Next: 57%
Magic:  18/23      EV: 14    Int: 19    God:    Kikubaaqudgha [***...]
Gold:   621        SH:  4    Dex: 14    Spells: 10/27 levels left

rFire   . . .        N - +2 hand axe (flame)
rCold   . . .        j - +0 buckler
rNeg    . . .        l - +0 troll leather armour
rPois   .            (helmet restricted)
rElec   .            J - +0 cloak
rCorr   .            p - +2 pair of gloves
SInv    .            e - +0 pair of boots
Will    .....        (no amulet)
Stlth   ++           C - ring of wizardry
HPRegen 1.14/turn    (no ring)
MPRegen 0.18/turn

%: wizardry (x1)
@: mighty, animating dead
A: horns 1, slimy green scales 2, foul stench 1, demonic magic 2
a: Renounce Religion, Unearth Wretches


You were on level 1 of the Lair of Beasts.
You worshipped Kikubaaqudgha.
Kikubaaqudgha was most pleased with you.
You visited 3 branches of the dungeon, and saw 12 of its levels.
You also visited: Ossuary.

You collected 621 gold pieces.

Inventory:

Hand Weapons
 f - a +1 flail of draining
 o - a +0 short sword of draining
 L - a +3 morningstar
 N - a +2 hand axe of flaming (weapon)
Missiles
 v - a throwing net
 G - 8 poisoned darts
 M - 6 curare-tipped darts
Armour
 a - a +0 pair of gloves of hurling
 e - a +0 pair of boots (worn)
 j - a +0 buckler (worn)
 l - a +0 troll leather armour (worn)
 n - an orb of guile
 p - a +2 pair of gloves (worn)
 H - the +1 scale mail "Osawa" {rF+ Str+3 Dex+3}
   (You found it on level 6 of the Dungeon)

   Str+3:     It affects your strength (+3).
   Dex+3:     It affects your dexterity (+3).
   rF+:       It protects you from fire.
 J - a +0 cloak (worn)
Jewellery
 r - an amulet of faith
 C - a ring of wizardry (left hand)
Wands
 c - a wand of polymorph (10)
 s - a wand of flame (13)
Scrolls
 g - a scroll of noise {unknown}
 h - a scroll of fog {unknown}
 i - 2 scrolls of brand weapon {unknown}
 k - 2 scrolls of enchant armour {unknown}
 m - 3 scrolls of fear
 t - 3 scrolls of blinking
 u - 2 scrolls of silence {unknown}
 y - a scroll of immolation {unknown}
 F - a scroll of amnesia {unknown}
 I - 4 scrolls of teleportation
 K - a scroll of vulnerability {unknown}
 O - a scroll of revelation {unknown}
Potions
 b - 5 potions of magic
 w - a potion of heal wounds {unknown}
 x - 2 potions of invisibility
 z - a potion of enlightenment
 A - a potion of resistance
 B - 2 potions of ambrosia
 D - a potion of attraction
 E - a potion of lignification {unknown}


   Skills:
 + Level 9.2 Fighting
 + Level 8.8 Dodging
 - Level 2.3 Stealth
 + Level 8.9 Spellcasting
 + Level 11.1 Necromancy


You had 10 spell levels left.
You knew the following spells:

 Your Spells              Type           Power      Damage    Failure   Level
a - Necrotise             Necr           100%       1d9       1%          1
b - Vampiric Draining     Necr           50%        2d9       1%          3
c - Animate Dead          Necr           50%        N/A       1%          4
d - Curse of Agony        Necr           50%        N/A       2%          5
e - Dispel Undead         Necr           50%        3d19      1%          4

Your spell library contained the following spells:

 Spells                   Type           Power      Damage    Failure   Level
 Kiss of Death            Conj/Necr      100%       2d13      1%          1
 Sublimation of Blood     Necr           50%        N/A       1%          2
 Fugue of the Fallen      Necr           50%        N/A       1%          3
 Cigotuvi's Dreadful Rot  Necr/Alch/Air  44%        N/A       2%          2
 Apportation              Tloc           16%        N/A       8%          1
 Foxfire                  Conj/Fire      32%        2x1d5     8%          1
 Sting                    Conj/Alch      32%        1d5       8%          1
 Summon Small Mammal      Summ           32%        N/A       8%          1
 Martyr's Knell           Necr/Summ      29%        N/A       8%          4
 Ensorcelled Hibernation  Hex/Ice        16%        N/A       12%         2
 Death Channel            Necr           25%        N/A       12%         6
 Borgnjor's Vile Clutch   Necr/Erth      14%        N/A       21%         5
 Confusing Touch          Hex            8%         N/A       22%         3
 Ozocubu's Armour         Ice            8%         N/A       22%         3
 Passwall                 Erth           8%         N/A       22%         3
 Swiftness                Air            8%         N/A       22%         3
 Ignite Poison            Fire/Alch      8%         N/A       56%         4
 Manifold Assault         Tloc           8%         N/A       56%         4
 Freezing Cloud           Conj/Ice/Air   4%         6-21      87%         5
 Plasma Beam              Fire/Air       4%         2x1d14    100%        6
 Starburst                Conj/Fire      4%         6d3       100%        6


Dungeon Overview and Level Annotations

Branches:
Dungeon (10/15)            Temple (1/1) D:4            Lair (1/5) D:9
Ossuary (visited)
    Orc: D:9-12

Altars:
Ashenzari
Cheibriados
Dithmenos
Fedhas
Gozag
Hepliaklqana
Kikubaaqudgha
Makhleb
Nemelex Xobeh
Okawaru
Qazlal
Ru
Sif Muna
Trog
Uskayaw
Vehumet
Wu Jian
Xom
Yredelemnul

Shops:
D:5 [

Annotations:
D:3 1 runed translucent door, Crazy Yiuf
D:4 1 runed translucent door, Eolas's ghost, novice BaHs
D:5 1 transporter
D:7 Maggie
D:10 Amaemon


Innate Abilities, Weirdness & Mutations

You have a pair of small horns on your head.
You are mostly covered in slimy green scales. (AC +3)
You may rarely emit foul miasma when damaged in melee.
Spells you cast may paralyse nearby enemies.


Message History

Confirm with . or Enter, or press ? or * to list all spells.
You call upon the dead to rise.
Malevolent energies surge around you. The ice devil hits you!
The ice devil freezes you!
* * * LOW HITPOINT WARNING * * *
You emit a cloud of foul miasma!
You hit the ice devil but do no damage. Your headbutt misses the ice devil.
The ice devil is moderately wounded.
The ice devil completely misses you.
You hit the ice devil. You burn the ice devil.
You headbutt the ice devil, but do no damage.
The ice devil is heavily wounded.
The ice devil closely misses you. You block the ice devil's attack.
You hit the ice devil. You burn the ice devil.
You headbutt the ice devil, but do no damage.
The ice devil is heavily wounded.
You block the ice devil's attack.
You completely miss the ice devil. Your headbutt misses the ice devil.
The ice devil is heavily wounded.
The ice devil barely misses you. The ice devil hits you!
* * * LOW HITPOINT WARNING * * *
The ice devil freezes you!!
* * * LOW HITPOINT WARNING * * *
You feel better. The ice devil closely misses you.
You feel very mighty all of a sudden. The ice devil misses you.
You feel better. The ice devil closely misses you.
You hit the ice devil. You burn the ice devil.
You headbutt the ice devil, but do no damage.
The ice devil is heavily wounded.
The ice devil hits you but does no damage.
You closely miss the ice devil.
The ice devil is heavily wounded.
The ice devil hits you but does no damage.
You hit the ice devil. You burn the ice devil. You headbutt the ice devil.
The ice devil is severely wounded.
The ice devil hits you!
* * * LOW HITPOINT WARNING * * *
The ice devil freezes you!!
You die...
Kikubaaqudgha rasps: "You have failed me!
Welcome... death!"

#......######......~≈~~~≈≈~~...#
#......## ##.....~~≈≈≈≈≈~~...#
........# ##....~.~~≈~~.....##
#......## #..#....~..........
######## #.................. #
##..#............... #
#...#............... #
##.4#............... ##
#..@...(..........## P#
##.................#. ##
#..........##....##.. #
#....#.....####..###. #
#...#....######..##.. #
#........#.#.....###.
###..........##.####.
#.......<..........
#######.##########.


You could see an ice devil.

Vanquished Creatures
  A boulder beetle (D:10)
  Maurice (D:8)
  4 black mambas (Lair:1)
  A rime drake (Lair:1)
  A komodo dragon (Lair:1)
  3 trolls (D:9)
  2 hornets
  6 blink frogs (Lair:1)
  Sigmund (D:3)
  A wyvern (D:9)
  A warg (D:9)
  13 yaks
  4 steam dragons
  A water moccasin (Lair:1)
  3 orc warriors
  4 sky beasts
  2 ice beasts (D:8)
  2 ogres
  8 wolves
  A centaur (D:9)
  A phantom (D:5)
  6 bullfrogs
  A scorpion (D:5)
  A wight (D:7)
  A water moccasin zombie (Ossuary)
  A burial acolyte (Ossuary)
  9 killer bees
  A howler monkey (D:6)
  2 jellies
  5 orc priests
  2 hounds (D:5)
  A sleepcap (D:6)
  Terence (D:3)
  4 iguanas
  5 orc wizards
  2 crocodile zombies (Ossuary)
  A bullfrog simulacrum (Ossuary)
  Robin (D:4)
  2 mummies (Ossuary)
  6 gnolls
  7 adders
  3 white imps
  2 ufetubi (D:5)
  2 adder zombies (Ossuary)
  4 ribbon worms
  5 dart slugs
  23 orcs
  5 endoplasms
  3 giant cockroaches
  9 goblins
  3 hobgoblins
  2 jackals (D:2)
  A quokka (D:1)
  4 ball pythons
  6 bats
  3 frilled lizards
  4 gnoll zombies (Ossuary)
  4 jackal zombies (Ossuary)
  5 kobolds
  3 orc zombies (Ossuary)
  7 rats
218 creatures vanquished.

Vanquished Creatures (collateral kills)
  2 blink frogs (Lair:1)
  A centaur (D:9)
  A bat (D:1)
  An endoplasm (D:1)
  A giant cockroach (D:1)
  A frilled lizard (D:2)
  A butterfly (Lair:1)
8 creatures vanquished.

Vanquished Creatures (others)
  A komodo dragon zombie (Lair:1)
1 creature vanquished.

Grand Total: 227 creatures vanquished

Notes
Turn   | Place    | Note
-------+----------+-------------------------------------------
     0 | D:1      | PaiMei the Demonspawn Necromancer began the quest for the
                  | Orb.
     0 | D:1      | Reached XP level 1. HP: 13/13 MP: 3/3
   222 | D:1      | Gained mutation: You are partially covered in slimy green
                  | scales. (AC +2) [demonic ancestry]
   222 | D:1      | Reached XP level 2. HP: 19/19 MP: 0/5
  1296 | D:2      | Reached XP level 3. HP: 24/24 MP: 2/6
  1300 | D:2      | Learned a level 3 spell: Vampiric Draining
  1464 | D:2      | Found a faded altar of an unknown god.
  1753 | D:2      | Found Atziriq's Antique Armour Boutique.
  1977 | D:3      | Found an iron altar of Okawaru.
  1979 | D:3      | Noticed Sigmund
  2677 | D:3      | Killed Sigmund
  2678 | D:3      | Reached skill level 1 in Fighting
  2678 | D:3      | Reached skill level 5 in Necromancy
  2678 | D:3      | Gained mutation: You are mostly covered in slimy green
                  | scales. (AC +3) [demonic ancestry]
  2678 | D:3      | Reached XP level 4. HP: 31/33 MP: 0/8
  2678 | D:3      | Gained mutation: You have a pair of small horns on your
                  | head. [demonic ancestry]
  2678 | D:3      | Reached XP level 5. HP: 36/38 MP: 0/9
  2780 | D:3      | Noticed Terence
  2794 | D:3      | Killed Terence
  2899 | D:3      | Gained mutation: Spells you cast may paralyse adjacent
                  | enemies. [demonic ancestry]
  2899 | D:3      | Reached XP level 6. HP: 44/44 MP: 2/11
  3014 | D:3      | Found a runed translucent door.
  3015 | D:3      | Noticed Crazy Yiuf
  3927 | D:4      | Found a staircase to the Ecumenical Temple.
  3984 | Temple   | Entered the Ecumenical Temple
  4084 | Temple   | Became a worshipper of Kikubaaqudgha
  4254 | D:4      | Found a runed translucent door.
  4254 | D:4      | Noticed Eolas's ghost (novice BaHs)
  4415 | D:4      | Noticed an orc warrior
  4439 | D:3      | Killed an orc warrior
  4815 | D:4      | Reached skill level 6 in Necromancy
  4815 | D:4      | Gained mutation: You may rarely emit foul miasma when
                  | damaged in melee. [demonic ancestry]
  4815 | D:4      | Reached XP level 7. HP: 52/52 MP: 6/12
  5089 | D:4      | Noticed Robin
  5113 | D:4      | Killed Robin
  5407 | D:5      | Entered Level 5 of the Dungeon
  5499 | D:5      | Reached * piety under Kikubaaqudgha
  5499 | D:5      | Received a gift from Kikubaaqudgha
  5906 | D:5      | Found a sand-covered staircase.
  5913 | Ossuary  | Entered an ossuary
  6348 | Ossuary  | Gained mutation: Spells you cast may paralyse nearby
                  | enemies. [demonic ancestry]
  6348 | Ossuary  | Reached XP level 8. HP: 57/60 MP: 14/14
  7522 | D:5      | Found a transporter.
  7525 | D:5      | Found Geipavum's Antique Armour Boutique.
  7564 | D:6      | Reached skill level 7 in Necromancy
  7714 | D:6      | Reached skill level 5 in Spellcasting
  7771 | D:6      | Noticed a hornet
  7782 | D:6      | Killed a hornet
  7783 | D:6      | Reached skill level 5 in Dodging
  7851 | D:6      | Identified the +1 scale mail "Osawa" {rF+ Str+3 Dex+3}
  8159 | D:6      | Found a sparkling altar of Nemelex Xobeh.
  8395 | D:6      | Reached skill level 5 in Fighting
  9377 | D:7      | Noticed Maggie
  9723 | D:7      | Found a bloodstained altar of Trog.
 10160 | D:8      | Reached XP level 9. HP: 68/68 MP: 13/17
 10218 | D:8      | Reached ** piety under Kikubaaqudgha
 10436 | D:8      | Noticed Maurice
 10586 | D:8      | Reached skill level 8 in Necromancy
 10849 | D:8      | Maurice stole 331 gold
 10852 | D:8      | Something stole a +3 morningstar
 11250 | D:8      | Something stole an amulet of faith
 11253 | D:8      | Something stole 6 curare-tipped darts
 11255 | D:8      | Something stole an orb of guile
 11259 | D:8      | Killed Maurice
 12369 | D:9      | Noticed a troll
 12378 | D:9      | Learned a level 4 spell: Animate Dead
 12384 | D:9      | Learned a level 5 spell: Curse of Agony
 12389 | D:9      | Learned a level 4 spell: Dispel Undead
 12468 | D:9      | Killed a troll
 12469 | D:9      | Reached skill level 9 in Necromancy
 12629 | D:9      | Reached XP level 10. HP: 73/77 MP: 5/20
 13422 | D:9      | Found a staircase to the Lair.
 14066 | D:9      | Reached skill level 10 in Necromancy
 14560 | D:10     | Entered Level 10 of the Dungeon
 14904 | D:10     | Found a sacrificial altar of Ru.
 14946 | D:10     | Noticed a boulder beetle
 15640 | D:10     | Killed a boulder beetle
 15641 | D:10     | Reached XP level 11. HP: 84/87 MP: 7/23
 15798 | D:10     | Noticed Amaemon
 15798 | D:10     | Noticed a two-headed ogre
 15837 | Lair:1   | Entered Level 1 of the Lair of Beasts
 16321 | Lair:1   | Reached *** piety under Kikubaaqudgha
 16321 | Lair:1   | Received a gift from Kikubaaqudgha
 16617 | Lair:1   | Reached skill level 11 in Necromancy
 17341 | Lair:1   | HP: 2/89 [ice devil (22)]
 17347 | Lair:1   | Mangled by an ice devil

Illustrated notes

Levels and vault maps discovered:
D:1:      amcnicky_arrival_blooded_trapdoor, layout_basic, minmay_distorted
D:2:      layout_loops_ring, serial_shops, shop,
          ebering_ecumenical_altar_abandoned
D:3:      layout_basic, okawaru_ov_weapons_minmay, minmay_misc_feat_cross,
          uniq_terence, uniq_crazy_yiuf_cottage, uniq_sigmund
D:4:      layout_loops_cross, minmay_temple_entry_wispy, gammafunk_ghost_grave,
          guppyfry_early_orc_mine, uniq_robin
D:5:      layout_basic, mainiacjoe_overflow_concentric_impassable, serial_shops,
          nicolae_shop_drivethru, chequers_ossuary_entry_cave
D:6:      layout_cave_pods, nemelex_spade_bored_becter
D:7:      layout_loops_corners, marbit_many_paths, uniq_maggie
D:8:      layout_cave_pools, uniq_maurice
D:9:      layout_roguey, erik_lair_orcish_takeover, hangedman_misty_isle
D:10:     layout_irregular_city, nicolae_overflow_crystal_walls, uniq_amaemon
Temple:   minmay_temple_bridge_d
Lair:1:   layout_gridlike, portal_ice_cave_demonic_guard, lemuel_fruit_fields,
          infiniplex_staircase_pool_2

Skill      XL: |  1  2  3  4  5  6  7  8  9 10 11 |
---------------+----------------------------------+-----
Stealth        | 2 |  2.3
Dodging        | 2 3 4 5 6 8 |  8.8
Fighting       | 1 2 3 4 5 6 8 9 |  9.2
Spellcasting   | 3 4 5 6 8 |  8.9
Necromancy     | 5 6 7 9 10 11 | 11.1

Action                     |  1- 3 |  4- 6 |  7- 9 | 10-12 || total
---------------------------+-------+-------+-------+-------++-------
  Melee: Unarmed           |    19 |       |     5 |       ||    24
         Short sword       |    16 |    41 |   268 |       ||   325
         Headbutt          |       |     4 |    80 |    55 ||   139
         Punch             |       |       |     1 |       ||     1
         Morningstar       |       |       |     5 |       ||     5
         Hand axe          |       |       |    45 |   130 ||   175
         Flail             |       |       |       |    47 ||    47
   Cast: Necrotise         |    68 |    48 |   104 |    79 ||   299
         Vampiric Draining |     2 |    15 |    56 |    93 ||   166
         Animate Dead      |       |       |       |     3 ||     3
         Curse of Agony    |       |       |       |     1 ||     1
  Evoke: Wand              |       |       |     9 |       ||     9
    Use: Potion            |       |       |     6 |     4 ||    10
         Scroll            |       |       |       |    11 ||    11
   Stab: Paralysed         |       |     9 |    32 |    80 ||   121
         Sleeping          |       |       |     1 |       ||     1
 Armour: Robe              |    30 |    37 |   205 |       ||   272
         Skin              |       |       |    14 |       ||    14
         Troll leather arm |       |       |     4 |   166 ||   170
  Dodge: Dodged            |    31 |    27 |   255 |   139 ||   452
  Block: Buckler           |       |       |    43 |    46 ||    89
